 Dungeon Crawl Stone Soup version 0.30-a0-718-geaa24f58ff (webtiles) character file.

Game seed: 16042266444967734999

618 MackTheKnife the Ducker (level 7, -1/32 (36) HPs)
             Began as a Deep Elf Wanderer on Jan 26, 2023.
             Was an Initiate of Ashenzari.
             Slain by a wight
             ... wielding a +3 mace
              (8 damage)
             ... on level 6 of the Dungeon.
             The game lasted 00:06:36 (3739 turns).

MackTheKnife the Ducker (Deep Elf Wanderer)         Turns: 3739, Time: 00:06:37

HP:   -1/32 (36)    AC:  3    Str:  8    XL:     7   Next: 21%
MP:   2/17          EV: 15    Int: 19    God:    Ashenzari [......]
Gold: 254           SH:  0    Dex: 15    Spells: 13/16 levels left

rFire   . . .      SeeInvis .    p - staff of conjuration {!a@e2staff}
rCold   . . .      Faith    .    (no shield)
rNeg    . . .      Spirit   .    d - +0 robe "Per Aspera Ad Scientiam" {Cun, Bglg} (curse)
rPois   .          Reflect  .    (no helmet)
rElec   .          Harm     .    (no cloak)
rCorr   .          Rampage  .    b - +0 pair of gloves
Will    .....                    (no boots)
Stlth   +                        (no amulet)
HPRegen 0.25/turn                (no ring)
MPRegen 0.15/turn                (no ring)

@: heavily drained
A: no striking features
a: Renounce Religion, Curse Item, Shatter the Chains


You were on level 6 of the Dungeon.
You worshipped Ashenzari.
Ashenzari was noncommittal.
You visited 1 branch of the dungeon, and saw 6 of its levels.

You collected 254 gold pieces.


   Skills:
 - Level 1.3 Maces & Flails
 + Level 6.5(6.9) Dodging
 - Level 5.4 Spellcasting
 - Level 4.2(4.6) Conjurations
 - Level 4.8 Air Magic


You had 13 spell levels left.
You knew the following spells:

 Your Spells              Type           Power      Damage    Failure   Level
a - Shock                 Conj/Air       100%       1d9       1%          1
b - Static Discharge      Conj/Air       68%        2-5/arc   2%          2

Your spell library contained the following spells:

 Spells                   Type           Power      Damage    Failure   Level
 Necrotise                Necr           20%        1d5       12%         1
 Kindle Blastsparks       Fire/Tloc/Air  22%        2d11      19%         3
 Vampiric Draining        Necr           5%         2d6       34%         3
 Agony                    Necr           5%         N/A       97%         5

Inventory:

Hand Weapons
 a - a +0 vampiric dagger {short}
   (You took it off a goblin on level 1 of the Dungeon)
Armour
 b - a +0 pair of gloves (worn)
 d - the cursed +0 robe "Per Aspera Ad Scientiam" (worn) {Cun, Bglg}

   It has a curse which improves the following skills: Cunning: Dodging and
   Stealth.
   Beguiling: Conjurations, Hexes and Translocations.
Magical Staves
 p - a staff of conjuration (weapon) {!a@e2staff}
   (You took it off a hobgoblin on level 2 of the Dungeon)
Wands
 q - a wand of flame (8)
   (You took it off a hobgoblin on level 2 of the Dungeon)
Scrolls
 c - 2 scrolls of fog
 f - 2 scrolls of enchant armour {unknown}
 g - a scroll of teleportation {unknown}
 i - a scroll of identify {unknown}
 j - 2 scrolls of immolation {unknown}
 k - a scroll of fear {unknown}
 n - 2 scrolls of noise {unknown}
Potions
 e - a potion of lignification {unknown}
 h - a potion of invisibility {unknown}
 l - 2 potions of cancellation {unknown}
 m - 2 potions of haste {@q3}
 o - 2 potions of attraction {unknown}

Dungeon Overview and Level Annotations

Branches:
Dungeon (6/15) Zot: 26558
 Temple: D:4-7

Altars:
Ashenzari

Shops:
D:1 ([[

Annotations:
D:3 Sigmund
D:4 1 transporter

.............#.#.####
..)......).........>#
...z#...#.#..#.#.##.#
.. #...#.#..#.#.#
#...#.#..#.#.#
#####.#..#.#.#
##########.#..#.#.#
............)..z..#
#######)##.....@..#
#.########..# #.#
##.##..# #.#
##.###..#
#)###.#..#..#
#.##.##.##..#
#.#.#...##..#
##.##..###..##.#
#.#....###..##.#


You could see a wight.


Message History

Your magical contamination has completely faded away. 😕 HP[+1]
You start resting.
A wight comes into view.
It is wielding a +3 mace. 😕 HP[+1] MP[+1] 😕 HP[+1]
You start resting. 😎 HP[+5] MP[+3]
Your hp is fully restored (36).
You regained 3 mp, and now have 7/17 mp.
You start resting.
A wight comes into view.
It is wielding a +0 long sword. 😎 MP[+3]
You regained 3 mp, and now have 10/17 mp.
A wight is nearby!
A wight is nearby!
A wight is nearby!
You feel a surge of power!
You miscast Shock.
You are very lightly contaminated with residual magic.
Nothing appears to happen. 😎 MP[-1]
You lost 1 mp, and now have 9/17 mp.
You feel a surge of power!
The zap hits the wight but does no damage. 😎 MP[-1]
You lost 1 mp, and now have 8/17 mp.
You feel a surge of power!
The zap hits the wight. 😎 MP[-1]
You lost 1 mp, and now have 7/17 mp.
You feel a surge of power!
The zap hits the wight. 😎 MP[-1]
You lost 1 mp, and now have 6/17 mp.
You feel a surge of power!
The zap hits the wight.
The zap hits the wight but does no damage. 😎 MP[-1]
You lost 1 mp, and now have 5/17 mp.
You feel a surge of power!
The zap hits the wight!
The zap misses the wight.
You feel a surge of power!
The zap hits the wight.
You destroy the wight!
The zap hits the wight.
Your magical contamination has completely faded away. 😎 MP[-1]
You lost 1 mp, and now have 4/17 mp.
You feel a surge of power!
The zap misses the wight. 😎 MP[-1]
You lost 1 mp, and now have 3/17 mp.
You feel a surge of power!
The zap hits the wight but does no damage. 😎 MP[-1]
You lost 1 mp, and now have 2/17 mp.
You feel a surge of power!
The zap hits the wight.
The wight hits you with a +3 mace!
You feel drained. 😮 HP[-10] MP[-1]
You now have 35 max hp (-1).
You take 10 damage, and now have 26/35 hp.
MASSIVE DAMAGE!! (PAUSE)
You lost 1 mp, and now have 1/17 mp.
Okay, then.
Aiming: Throw Flame
Press: ? - help, Shift-Dir - straight line, f/p - wight
Aim: a wight, wielding a +3 mace and wearing a +0 robe (lightly damaged, 68% to hit)
The puff of flame hits the wight!
The wight hits you with a +3 mace!
* * * LOW HITPOINT WARNING * * *
You feel drained. 😨 HP[-12]
You now have 34 max hp (-1).
You take 12 damage, and now have 14/34 hp.
MASSIVE DAMAGE!! (PAUSE)
Aiming: Throw Flame
Press: ? - help, Shift-Dir - straight line, f/p - wight
Aim: a wight, wielding a +3 mace and wearing a +0 robe (heavily damaged, 68% to hit)
The puff of flame hits the wight.
The wight closely misses you.
Aiming: Throw Flame
Press: ? - help, Shift-Dir - straight line, f/p - wight
Aim: a wight, wielding a +3 mace and wearing a +0 robe (severely damaged, 68% to hit)
The puff of flame hits the wight but does no damage.
The wight misses you. 😨 HP[+1] MP[+1]
Aiming: Throw Flame
Press: ? - help, Shift-Dir - straight line, f/p - wight
Aim: a wight, wielding a +3 mace and wearing a +0 robe (severely damaged, 68% to hit)
The puff of flame hits the wight.
The wight misses you.
Aiming: Throw Flame
Press: ? - help, Shift-Dir - straight line, f/p - wight
Aim: a wight, wielding a +3 mace and wearing a +0 robe (almost destroyed, 68% to hit)
The puff of flame hits the wight but does no damage.
The wight hits you with a +3 mace!
* * * LOW HITPOINT WARNING * * *
You feel drained. 😱 HP[-8]
You now have 32 max hp (-2).
You take 8 damage, and now have 7/32 hp.
MASSIVE DAMAGE!! (PAUSE)
Aiming: Throw Flame
Press: ? - help, Shift-Dir - straight line, f/p - wight
Aim: a wight, wielding a +3 mace and wearing a +0 robe (almost destroyed, 68% to hit)
The puff of flame misses the wight.
The wight hits you with a +3 mace!
You die...

Skill      XL: |  1  2  3  4  5  6  7 |
---------------+----------------------+-----
Spellcasting   | 2 3 4 5 |  5.4
Conjurations   | 1 2 3 4 |  4.2
Dodging        | 5 6 |  6.5
Maces & Flails | |  1.3
Air Magic      | |  4.8

Action                     |  1- 3 |  4- 6 |  7- 9 || total
---------------------------+-------+-------+-------++-------
  Melee: Mace              |     3 |       |       ||     3
         Dagger            |     3 |       |       ||     3
   Cast: Shock             |    71 |    93 |    14 ||   178
         Static Discharge  |     4 |     6 |     3 ||    13
 Invoke: Curse Item        |       |     1 |       ||     1
  Evoke: Wand              |       |       |     6 ||     6
    Use: Potion            |       |     1 |       ||     1
 Armour: Robe              |     6 |     6 |       ||    12
  Dodge: Dodged            |     8 |    15 |     6 ||    29

Levels and vault maps discovered:
D:1:      roderic_dead_forest, layout_loops_ring, serial_shops,
          nicolae_shop_waterfront, shop, shop,
          amcnicky_mini_rare_corridor_liquid, grunt_decor_one_mirror,
          kennysheep_nondescript
D:2:      layout_rooms, basic_altar
D:3:      layout_basic, ebering_dispersal_statue_hall, uniq_sigmund
D:4:      gammafunk_cloud_chamber, layout_rooms
D:5:      layout_gridville, nicolae_overflow_crystal_walls,
          minmay_temple_entry_steel_oval, uniq_duvessa, uniq_menkaure
D:6:      wad_crossroads, layout_basic, nicolae_nh_oracle_at_delphi

Notes
Turn   | Place    | Note
-------+----------+-------------------------------------------
     0 | D:1      | MackTheKnife the Deep Elf Wanderer began the quest for the
                  | Orb.
     0 | D:1      | MackTheKnife set off with the following items: a +0 mace
                  | {mace}, a +0 pair of gloves, a scroll of fog, a +0 robe;
                  | and the following spell memorised: Shock; and the following
                  | spells available to memorise: Static Discharge, Kindle
                  | Blastsparks.
     0 | D:1      | Reached XP level 1. HP: 10/10 MP: 5/5
     0 | D:1      | magus.rc [v1.9.6]
   140 | D:1      | Reached skill level 2 in Spellcasting
   251 | D:1      | Reached XP level 2. HP: 15/15 MP: 5/7
   298 | D:1      | Reached skill level 1 in Conjurations
   343 | D:1      | Found Dircheh's Antique Weapon Emporium.
   575 | D:1      | Found Zaasmep's Armour Shop.
   595 | D:1      | Found Xalaic's Antique Armour Shoppe.
  1187 | D:2      | Reached XP level 3. HP: 19/19 MP: 1/8
  1471 | D:1      | Reached skill level 3 in Spellcasting
  1471 | D:1      | Reached skill level 2 in Conjurations
  1548 | D:1      | Learned a level 2 spell: Static Discharge
  1553 | D:2      | HP: 4/19 [/static electricity (2)]
  1554 | D:2      | Reached XP level 4. HP: 5/24 MP: 1/10
  1785 | D:2      | Found a broken altar of Ashenzari.
  1824 | D:2      | Became a worshipper of Ashenzari the Shackled
  2296 | D:3      | You pick up a book of Necromancy and begin reading...
  2296 | D:3      | You add the spells Necrotise, Vampiric Draining and Agony
                  | to your library.
  2792 | D:3      | Noticed Sigmund
  3020 | D:4      | Found a transporter.
  3046 | D:4      | You fall into a shaft and drop 2 floors!
  3075 | D:6      | Noticed a scorpion
  3107 | D:6      | Noticed a scorpion
  3118 | D:6      | Reached skill level 4 in Spellcasting
  3118 | D:6      | Reached skill level 3 in Conjurations
  3118 | D:6      | Reached XP level 5. HP: 17/28 MP: 7/13
  3299 | D:5      | Entered Level 5 of the Dungeon
  3299 | D:5      | Noticed an ogre
  3322 | D:6      | Reached skill level 5 in Spellcasting
  3366 | D:6      | Reached skill level 4 in Conjurations
  3366 | D:6      | Reached XP level 6. HP: 32/32 MP: 10/16
  3426 | D:6      | Reached skill level 4 in Dodging
  3558 | D:6      | Reached skill level 5 in Dodging
  3666 | D:6      | Reached XP level 7. HP: 36/36 MP: 13/17
  3678 | D:6      | Reached skill level 6 in Dodging
  3738 | D:6      | HP: 7/34 [wight/+3 mace (8)]
  3739 | D:6      | Slain by a wight

Vanquished Creatures
  A bullfrog (D:6)
  A scorpion (D:6)
  A necrophage (D:6)
  3 wights (D:6)
  A jelly (D:6)
  2 orc priests (D:6)
  3 orc wizards
  4 adders
  2 worms (D:2)
  2 dart slugs
  9 orcs
  4 ball pythons
  3 bats
  4 endoplasms
  3 giant cockroaches
  5 hobgoblins
  2 jackals (D:3)
  7 frilled lizards
  6 goblins
  6 kobolds
  5 rats
74 creatures vanquished.

Table legend:
 A = Non-vault XP
 B = Vault XP
 C = Vault XP percentage of total XP
 D = Non-vault monster count
 E = Vault monster count
 F = Vault count percentage of total count
                 A         B        C        D         E       F
            +---------+---------+-------+---------+---------+-------
      Total |     746 |     138 |  15.6 |      72 |       2 |   2.7
            +---------+---------+-------+---------+---------+-------
        D:1 |      76 |       0 |   0.0 |      24 |       0 |   0.0
        D:2 |      86 |       0 |   0.0 |      24 |       0 |   0.0
        D:3 |      33 |       0 |   0.0 |      11 |       0 |   0.0
        D:6 |     551 |     138 |  20.0 |      13 |       2 |  13.3
            +---------+---------+-------+---------+---------+-------

Illustrated notes

Table legend:
 A = Kills in this place as a percentage of kills in entire the game.
 B = Kills by you in this place as a percentage of kills by you in the entire game.
 C = Kills by friends in this place as a percentage of kills by friends in the entire game.
 D = Other kills in this place as a percentage of other kills in the entire game.
 E = Experience gained in this place as a percentage of experience gained in the entire game.
 F = Experience gained in this place divided by the number of levels of this place that you have seen.
                   A       B       C       D       E      F
               +-------+-------+-------+-------+-------+----------------------
         Total | 100.0 | 100.0 |   N/A |   N/A | 100.0 | 147.3
       Dungeon | 100.0 | 100.0 |   N/A |   N/A | 100.0 | 147.3
               +-------+-------+-------+-------+-------+----------------------

Table legend: (Time is in decaauts)
 A = Elapsed time spent in this place.
 B = Non-inter-level travel time spent in this place.
 C = Inter-level travel time spent in this place.
 D = Time resting spent in this place.
 E = Time spent auto-exploring this place.
 F = Levels seen in this place.
 G = Mean time per level.
                   A        B        C        D        E       F      G
               +--------+--------+--------+--------+--------+-----+--------+
         Total |   3728 |   3532 |    196 |    482 |   2514 |   6 |  621.3 |
       Dungeon |   3728 |   3532 |    196 |    482 |   2514 |   6 |  621.3 |
               +--------+--------+--------+--------+--------+-----+--------+

Top non-repeatable levels by time:
     D:1: 1539 daAuts
     D:2: 742 daAuts
     D:3: 723 daAuts
     D:6: 676 daAuts
     D:4: 45 daAuts
     D:5: 1 daAuts
